 Dungeon Crawl Stone Soup version 0.31.0-11-ge490571c62 (webtiles) character file.

Game seed: 5028011569953098940

690 qw the Ducker (level 7, -5/35 HPs)
             Began as a Spriggan Hunter on Feb 5, 2024.
             Killed from afar by a white imp (8 damage)
             ... with a puff of frost
             ... on level 5 of the Dungeon.
             The game lasted 00:02:21 (3414 turns).

qw the Ducker (Spriggan Hunter)                     Turns: 3414, Time: 00:02:22

Health: -5/35      AC:  2    Str:  3    XL:     7   Next: 36%
Magic:  8/8        EV: 23    Int: 11    God:
Gold:   175        SH:  0    Dex: 22    Spells: 6/6 levels left

rFire   + + .        a - +2 shortbow
rCold   . . .        (shield currently unavailable)
rNeg    . . .        c - +0 robe
rPois   +            (helmet restricted)
rElec   +            (no cloak)
rCorr   .            (gloves unavailable)
SInv    +            (boots unavailable)
Will    +....        (no amulet)
Stlth   ++           i - ring "Ziovveraec" {Fly rElec rPois rF++ Str-4 Dex+2}
HPRegen 0.25/turn    (no ring)
MPRegen 0.11/turn

%: no passive effects
@: flying, very quick
A: very small, no large weapons, unfitting armour, see invisible, speed 3
a: no special abilities


You were on level 5 of the Dungeon.
You visited 1 branch of the dungeon, and saw 5 of its levels.
You also visited: Sewer.

You collected 175 gold pieces.


Innate Abilities, Weirdness & Mutations

You are very small and have problems with some larger weapons.
You are too small for most types of armour.
You have supernaturally acute eyesight. (SInv)
You cover ground extremely quickly. (Speed+++)


   Skills:
 - Level 2.0 Fighting
 + Level 7.2 Ranged Weapons
 - Level 7.4 Dodging
 - Level 1.5 Stealth


You had 6 spell levels left.
You didn't know any spells.
Your spell library was empty.

Inventory:

Hand Weapons
 a - a +2 shortbow (weapon)
Armour
 c - a +0 robe (worn)
Jewellery
 i - the ring "Ziovveraec" (left hand) {Fly rElec rPois rF++ Str-4 Dex+2}
   (You found it on level 4 of the Dungeon)

   [ring of flight]

   Str-4:     It affects your strength (-4).
   Dex+2:     It affects your dexterity (+2).
   rF++:      It greatly protects you from fire.
   rElec:     It insulates you from electricity.
   rPois:     It protects you from poison Fly: It grants you flight.
Wands
 b - a wand of paralysis (8)
 e - a wand of iceblast (9)
Scrolls
 j - a scroll of identify
Potions
 d - 2 potions of might
 f - a potion of curing

Dungeon Overview and Level Annotations

Branches:
Dungeon (5/15)              Sewer (visited)
 Temple: D:4-7

Altars:
Ru


Message History

The killer bee zombie hits you.
The killer bee zombie completely misses you.
The white imp gestures at you. The puff of frost hits you.
The water moccasin zombie barely misses you.
Your Dodging skill increases to level 7!
You shoot an arrow.
The arrow hits the water moccasin zombie.
The water moccasin zombie is moderately damaged.
The killer bee zombie misses you. x2; The white imp hits you.
The white imp freezes you.
3410 ||| DRINKING potion of heal wounds.
You feel much better. The killer bee zombie hits you. x2
The white imp gestures at you. The puff of frost hits you.
You shoot an arrow. The arrow hits the killer bee zombie!
The killer bee zombie is moderately damaged.
The killer bee zombie hits you but does no damage.
The white imp completely misses you. The white imp gestures at you.
The puff of frost hits you. The killer bee zombie misses you.
You shoot an arrow.
The arrow hits the killer bee zombie but does no damage.
The killer bee zombie is moderately damaged.
The killer bee zombie hits you! The white imp hits you.
The white imp freezes you. The white imp completely misses you.
The killer bee zombie closely misses you.
You shoot an arrow. The arrow hits the killer bee zombie!
The killer bee zombie is severely damaged.
The killer bee zombie closely misses you.
The white imp completely misses you. The white imp gestures at you.
The puff of frost misses you.
You shoot an arrow. The arrow hits the killer bee zombie!
The killer bee zombie is almost destroyed.
The killer bee zombie misses you. x2; The white imp misses you.
The white imp gestures at you. The puff of frost hits you!
You die...

###.#.#
#.....#
#.....####
.....~.PW
....~~~.W ##
####...~~¤~P .
#@ZZ..P~~¤¤¤
#.#55.<...~~¤¤
#.#Z#.#....¤¤.
#.!.....#####.
###.##......
#.# ......#
#.# #.....#
#?# ...... #.#
......


You could see 2 white imps, a water moccasin zombie, a killer bee zombie and an
adder skeleton.

Vanquished Creatures
  Grinder (D:5)
  3 phantoms (D:5)
  2 howler monkeys (D:4)
  A hound (D:2)
  7 adders
  A shadow imp (D:4)
  3 ribbon worms
  6 dart slugs
  5 orcs
  6 ball pythons
  6 bats
  6 endoplasms
  6 giant cockroaches
  3 goblins
  3 hobgoblins
  3 jackals (D:1)
  9 kobolds
  4 quokkas
  8 frilled lizards
  15 rats
98 creatures vanquished.

Vanquished Creatures (others)
  An adder (Sewer)
1 creature vanquished.

Grand Total: 99 creatures vanquished

Notes
Turn   | Place    | Note
-------+----------+-------------------------------------------
     0 | D:1      | qw the Spriggan Hunter began the quest for the Orb.
     0 | D:1      | Reached XP level 1. HP: 10/10 MP: 2/2
     0 | D:1      | 0 ||| qw: Version: 0.3-a-160-g6735b56
     0 | D:1      | 0 ||| qw: Game counter: 6338
     0 | D:1      | 0 ||| qw: Melee chars always use a shield: true
     0 | D:1      | 0 ||| qw: God list: Okawaru
     0 | D:1      | 0 ||| qw: Allow faded altars: false
     0 | D:1      | 0 ||| qw: Do Orc after clearing Dungeon:15 true
     0 | D:1      | 0 ||| qw: Do second Lair branch before Depths: true
     0 | D:1      | 0 ||| qw: Lair rune preference: random
     0 | D:1      | 0 ||| qw: Goals: Normal
     0 | D:1      | 0 ||| PLANNING D:1-11
    13 | D:1      | Reached skill level 3 in Dodging
   122 | D:1      | Reached XP level 2. HP: 6/14 MP: 3/3
   689 | D:1      | Reached XP level 3. HP: 17/18 MP: 4/4
   844 | D:1      | 844 ||| READING 2 scrolls labelled DIET JANUAN.
   845 | D:1      | 845 ||| READING scroll labelled JOZUTO QEEFA.
   946 | D:1      | 946 ||| READING scroll labelled QAUTZAOPLI.
   947 | D:1      | 947 ||| READING scroll labelled VOEHINA XARE.
   952 | D:1      | 952 ||| READING scroll labelled YGOLAIM VIEMEA.
   952 | D:1      | 952 ||| ENCHANTING +0 shortbow.
   953 | D:1      | 953 ||| DROPPING scroll of butterflies.
   954 | D:1      | 954 ||| DROPPING scroll of blinking.
  1056 | D:2      | Found a faded altar of an unknown god.
  1254 | D:2      | Reached XP level 4. HP: 22/22 MP: 5/5
  1778 | D:2      | 1778 ||| DROPPING amulet of magic regeneration.
  1779 | D:2      | 1779 ||| DROPPING ring of magical power.
  1780 | D:2      | 1780 ||| READING 3 scrolls labelled EXEBLA AHOBYIKH.
  1781 | D:2      | 1781 ||| READING scroll labelled NIN KATECWINTA.
  1781 | D:2      | 1781 ||| IDENTIFYING golden potion
  1782 | D:2      | 1782 ||| DROPPING 2 scrolls of fear.
  1786 | D:3      | 1786 ||| PLANNING SEWER
  1792 | D:3      | 1792 ||| READING scroll of enchant weapon.
  1792 | D:3      | 1792 ||| ENCHANTING +1 shortbow.
  1914 | D:3      | 1914 ||| FLEEEEING.
  1950 | D:3      | Reached XP level 5. HP: 26/26 MP: 6/6
  2070 | D:3      | Found a sacrificial altar of Ru.
  2388 | D:3      | Found a glowing drain.
  2389 | D:3      | 2389 ||| READING 3 scrolls of identify.
  2389 | D:3      | 2389 ||| IDENTIFYING fizzy clear potion
  2390 | D:3      | 2390 ||| READING 2 scrolls of identify.
  2390 | D:3      | 2390 ||| IDENTIFYING lumpy ruby potion
  2391 | D:3      | 2391 ||| READING scroll of identify.
  2391 | D:3      | 2391 ||| IDENTIFYING 2 cyan potions
  2392 | D:3      | 2392 ||| READING 2 scrolls labelled ELU UTEAQEU.
  2393 | D:3      | 2393 ||| DROPPING potion of ambrosia.
  2394 | D:3      | 2394 ||| DROPPING scroll of poison.
  2396 | D:3      | 2396 ||| Stepping ~*~*~tactically~*~*~ (cloud).
  2499 | Sewer    | Entered a sewer
  2559 | Sewer    | HP: 6/26 [adder (3)]
  2560 | Sewer    | 2560 ||| DRINKING 2 potions of heal wounds.
  2592 | D:3      | 2592 ||| PLANNING D:1-11
  2976 | D:4      | Reached skill level 6 in Ranged Weapons
  3122 | D:4      | Identified the ring "Ziovveraec" {Fly rElec rPois rF++
                  | Str-4 Dex+2}
  3308 | D:4      | Reached XP level 6. HP: 30/30 MP: 7/7
  3335 | D:4      | 3335 ||| UPGRADING to ring "Ziovveraec" {Fly rElec rPois
                  | rF++ Str-4 Dex+2}.
  3336 | D:4      | 3336 ||| READING 2 scrolls of identify.
  3336 | D:4      | 3336 ||| IDENTIFYING scroll labelled LUBEHU JOSEGARAU
  3337 | D:4      | 3337 ||| DROPPING scroll of amnesia.
  3364 | D:5      | Entered Level 5 of the Dungeon
  3364 | D:5      | Noticed Grinder
  3365 | D:5      | 3365 ||| RETREEEEATING.
  3366 | D:5      | 3366 ||| RETREEEEATING.
  3367 | D:5      | 3367 ||| ZAPPING wand of iceblast (11) at 3,2 (Grinder;
                  | floor).
  3368 | D:5      | 3368 ||| ZAPPING wand of iceblast (10) at 2,1 (Grinder;
                  | floor).
  3372 | D:5      | 3372 ||| RETREEEEATING.
  3373 | D:5      | 3373 ||| RETREEEEATING.
  3374 | D:5      | 3374 ||| RETREEEEATING.
  3382 | D:5      | Reached skill level 6 in Dodging
  3400 | D:5      | 3400 ||| RETREEEEATING.
  3401 | D:5      | Killed Grinder
  3402 | D:5      | Reached XP level 7. HP: 20/35 MP: 8/8
  3409 | D:5      | HP: 7/35 [white imp (3)]
  3409 | D:5      | HP: 3/35 [white imp (4)]
  3410 | D:5      | 3410 ||| DRINKING potion of heal wounds.
  3414 | D:5      | Killed from afar by a white imp

Levels and vault maps discovered:
D:1:      roderic_octagonal_star, layout_loops_ring, minmay_rat_gold_closets
D:2:      minmay_razor_zed, layout_loops_cross,
          ebering_ecumenical_altar_sacrificial
D:3:      layout_basic, lemuel_tele_altar, portal_sewer_entry_a
D:4:      layout_loops_ring, serial_bayou_pond_c
D:5:      layout_loops_ring, minmay_temple_entry_junction, serial_undead,
          serial_undead_a, serial_undead_e, serial_undead_c, serial_undead_f,
          uniq_grinder

Skill      XL: |  1  2  3  4  5  6  7 |
---------------+----------------------+-----
Dodging        | 3 4 5 6 7 |  7.4
Ranged Weapons | 5 6 7 |  7.2
Fighting       | 2 |  2.0
Stealth        | |  1.5

Action                     |  1- 3 |  4- 6 |  7- 9 || total
---------------------------+-------+-------+-------++-------
   Fire: Shortbow          |   109 |   174 |    12 ||   295
  Evoke: Wand              |       |     2 |       ||     2
    Use: Scroll            |     5 |     8 |       ||    13
         Potion            |       |     1 |     1 ||     2
 Armour: Robe              |    16 |    32 |    14 ||    62
  Dodge: Dodged            |    40 |   110 |    31 ||   181

Table legend:
 A = Non-vault XP
 B = Vault XP
 C = Vault XP percentage of total XP
 D = Non-vault monster count
 E = Vault monster count
 F = Vault count percentage of total count
                 A         B        C        D         E       F
            +---------+---------+-------+---------+---------+-------
      Total |     397 |     590 |  59.8 |      61 |      38 |  38.4
            +---------+---------+-------+---------+---------+-------
        D:1 |      38 |       8 |  17.4 |      21 |       8 |  27.6
        D:2 |      60 |      69 |  53.5 |      12 |      12 |  50.0
        D:3 |      45 |       5 |  10.0 |      15 |       1 |   6.2
        D:4 |     135 |       0 |   0.0 |      11 |       0 |   0.0
        D:5 |     119 |     460 |  79.4 |       2 |       3 |  60.0
      Sewer |       0 |      48 | 100.0 |       0 |      14 | 100.0
            +---------+---------+-------+---------+---------+-------
